 Dungeon Crawl Stone Soup version 0.26.1-11-gd32895ea62 (webtiles) character file.

Game seed: 8575645737775607949

34 Tocho the Grave Robber (level 3, -2/24 HPs)
             Began as a Demonspawn Necromancer on May 11, 2021.
             Slain by a gnoll (7 damage)
             ... on level 2 of the Dungeon.
             The game lasted 00:03:10 (1248 turns).

Tocho the Grave Robber (Demonspawn Necromancer)     Turns: 1248, Time: 00:03:10

Health: -2/24      AC:  3    Str:  9    XL:     3   Next: 14%
Magic:  1/6        EV: 12    Int: 16    God:
Gold:   58         SH:  0    Dex: 13    Spells: 4/6 levels left

rFire    . . .     SeeInvis .   c - +0 whip
rCold    . . .     Faith    .   (no shield)
rNeg     . . .     Spirit   .   a - +0 robe
rPois    .         Reflect  .   (no helmet)
rElec    .         Harm     .   f - +0 cloak
rCorr    .         Rampage  .   (no gloves)
Will     .....                  (no boots)
Stlth    ++........             (no amulet)
HPRegen  0.08/turn              (no ring)
MPRegen  0.10/turn              (no ring)

@: no status effects
A: demonic guardian 1, powered by death 1
a: no special abilities


You were on level 2 of the Dungeon.
You visited 1 branch of the dungeon, and saw 2 of its levels.

You collected 58 gold pieces.

Inventory:

Hand Weapons
 c - a +0 whip (weapon)
 j - a +1 hand axe of freezing
Armour
 a - a +0 robe (worn)
 b - a +0 leather armour
 f - a +0 cloak (worn)
Scrolls
 d - 2 scrolls of fog {unknown}
 h - a scroll of teleportation {unknown}
 i - a scroll of remove curse {unknown}
Potions
 e - a potion of brilliance {unknown}
 g - 2 potions of cancellation {unknown}


   Skills:
 + Level 0.6 Maces & Flails
 + Level 2.1 Dodging
 + Level 1.8 Stealth
 + Level 2.2 Spellcasting
 + Level 5.0 Necromancy


You had 4 spell levels left.
You knew the following spells:

 Your Spells              Type           Power        Failure   Level
a - Pain                  Necr           72%          2%          1
b - Animate Skeleton      Necr           36%          2%          1

Your spell library contained the following spells:

 Spells                   Type           Power        Failure   Level
 Vampiric Draining        Necr           9%           8%          3
 Animate Dead             Necr           9%           26%         4
 Agony                    Necr           18%          56%         5


Dungeon Overview and Level Annotations

Branches:
Dungeon (2/15)

Altars:


Innate Abilities, Weirdness & Mutations

A weak demonic guardian rushes to your aid.
You regenerate a little health from kills.


Message History

The gnoll is severely wounded.
The gnoll hits you but does no damage. The gnoll closely misses you.
You see here a scroll labelled GIONERESSENLA.
The gnoll misses you.
Your goblin skeleton barely misses the gnoll.
The gnoll hits you.
You hit the gnoll.
The gnoll is moderately wounded.
The gnoll hits you with a +0 club.
Your goblin skeleton hits the gnoll but does no damage.
The gnoll completely misses you.
You hit the gnoll.
The gnoll is almost dead.
The gnoll hits you with a +0 club. The gnoll hits you.
* * * LOW HITPOINT WARNING * * *
Your goblin skeleton hits the gnoll but does no damage.
You closely miss the gnoll.
The gnoll is almost dead.
The gnoll hits you!
You die...

......
##....##
........
####...#
#..<...#
#......#
#......#
#......#
#.##@Z.#
#...gg.#
####?#......
#.###.###
#'# .# ... #
... ....#
....#


You could see 2 gnolls and a friendly goblin skeleton.

Vanquished Creatures
  A gnoll (D:2)
  A leopard gecko (D:1)
  6 bats (D:1)
  A giant cockroach (D:1)
  3 goblins
  3 hobgoblins (D:1)
  2 frilled lizards (D:1)
  A kobold (D:1)
  6 rats (D:1)
24 creatures vanquished.

Notes
Turn   | Place    | Note
-------+----------+-------------------------------------------
     0 | D:1      | Tocho the Demonspawn Necromancer began the quest for the
                  | Orb.
     0 | D:1      | Reached XP level 1. HP: 13/13 MP: 3/3
   473 | D:1      | Gained mutation: You regenerate a little health from kills.
                  | [demonic ancestry]
   473 | D:1      | Reached XP level 2. HP: 13/19 MP: 1/5
   963 | D:1      | Reached skill level 5 in Necromancy
   965 | D:1      | Learned a level 1 spell: Animate Skeleton
  1231 | D:2      | Gained mutation: A weak demonic guardian rushes to your
                  | aid. [demonic ancestry]
  1231 | D:2      | Reached XP level 3. HP: 19/24 MP: 0/6
  1248 | D:2      | Slain by a gnoll

Illustrated notes

Levels and vault maps discovered:
D:1:      dpeg_arrival_arbitrary_c, layout_rooms
D:2:      layout_basic, uniq_sigmund

Skill      XL: |  1  2 |
---------------+-------+-----
Dodging        | 2 |  2.1
Necromancy     | 5 |  5.0
Maces & Flails | |  0.6
Stealth        | |  1.8
Spellcasting   | |  2.2

Action                   || total
-------------------------++-------
Melee: Whip              ||    76
       Unarmed           ||     2
 Cast: Pain              ||    32
       Animate Skeleton  ||     4
Armor: Robe              ||    41
Dodge: Dodged            ||    83
